 Dungeon Crawl Stone Soup version 0.23.2-1-ga50397a6bc (webtiles) character file.

Game seed: 13054690174932017232

6773 Brecoman the Fighter (level 11, -6/83 HPs)
             Began as a Barachi Summoner on May 12, 2019.
             Was a Priest of Ru.
             Mangled by a porcupine (14 damage)
             ... on level 1 of the Lair of Beasts.
             The game lasted 01:14:57 (15925 turns).

Brecoman the Fighter (Barachi Summoner)            Turns: 15925, Time: 01:15:07

Health: -6/83      AC:  4    Str: 10    XL:     11   Next: 4%
Magic:  5/24       EV: 12    Int: 18    God:    Ru [***...]
Gold:   647        SH:  0    Dex: 13    Spells: 10/29 levels left

rFire    . . .     SeeInvis .   G - +0 scythe
rCold    . . .     Gourm    .   (shield currently unavailable)
rNeg     . . .     Faith    .   E - +1 robe {MR+}
rPois    +         Spirit   .   (no helmet)
rElec    .         Reflect  .   (no cloak)
rCorr    .         Harm     +   (no gloves)
MR       +....                  A - +0 pair of boots (curse)
Stlth    ++........             F - amulet of harm
HPRegen  0.23/turn              D - ring of poison resistance
MPRegen  0.19/turn              a - ring of wizardry

@: lethally poisoned (-6 -> -8), very slightly contaminated, slow
A: +LOS, swims, frail 1, slowness 1, inability to train armour, strong legs 1
a: Hop, Draw Out Power, Renounce Religion


You were on level 1 of the Lair of Beasts.
You worshipped Ru.
Ru was most pleased with you.
You were not hungry.

You visited 2 branches of the dungeon, and saw 11 of its levels.
You also visited: Sewer.

You collected 647 gold pieces.

Inventory:

Hand Weapons
 G - a +0 scythe (weapon)
Missiles
 d - 205 stones (quivered)
Armour
 A - a cursed +0 pair of boots (worn)
 E - a +1 robe of magic resistance (worn)
Jewellery
 a - a ring of wizardry (right hand)
 f - an uncursed ring of flight
 i - an uncursed ring of ice
 o - a +1 ring of protection
 x - a cursed ring of attention {unknown}
 D - a ring of poison resistance (left hand)
 F - an amulet of harm (around neck)
Wands
 n - a wand of enslavement (9)
 w - a wand of flame (33)
Scrolls
 g - 6 scrolls of remove curse
 j - 2 scrolls of teleportation
 t - a scroll of blinking
 v - 3 scrolls of identify
 y - 3 scrolls of fear
 B - a scroll of vulnerability {unknown}
Potions
 b - a potion of invisibility
 e - a potion of heal wounds
 h - 2 potions of resistance
 k - 2 potions of lignification {unknown}
 l - 4 potions of cancellation {unknown}
 m - 2 potions of haste
 p - 2 potions of might
 q - a potion of flight {unknown}
 r - a potion of magic {unknown}
 s - a potion of ambrosia {unknown}
 u - 3 potions of brilliance
 z - 3 potions of curing
Comestibles
 c - 12 rations


   Skills:
 + Level 11.0 Fighting
 + Level 2.5 Polearms
 - Level 2.1 Dodging
 - Level 1.7 Stealth
 + Level 9.8 Spellcasting
 - Level 3.6 Hexes
 + Level 8.7 Summonings
 - Level 7.1 Ice Magic


You had 10 spell levels left.
You knew the following spells:

 Your Spells              Type           Power        Failure   Level  Hunger
a - Summon Small Mammal   Summ           ####         1%          1    None
b - Call Imp              Summ           #####...     1%          2    None
c - Summon Ice Beast      Ice/Summ       #####...     1%          4    ###....
d - Summon Mana Viper     Hex/Summ       ####....     7%          5    #####..
e - Summon Lightning Spi  Summ/Air       ###.....     5%          4    ###....
f - Summon Guardian Gole  Hex/Summ       ####....     1%          3    None

Your spell library contained the following spells:

 Spells                   Type           Power        Failure   Level  Hunger
 Summon Butterflies       Summ           #####...     1%          1    None
 Call Canine Familiar     Summ           #####...     1%          3    None
 Leda's Liquefaction      Hex/Erth       ###.......   16%         4    ###....
 Summon Hydra             Summ           #####.....   56%         7    #######
 Bolt of Magma            Conj/Fire/Erth #.........   63%         5    #####..
 Iron Shot                Conj/Erth      #.........   99%         6    ######.
 Statue Form              Tmut/Erth      #........    99%         6    ######.
 Shatter                  Erth           #.........   100%        9    #######


Dungeon Overview and Level Annotations

Branches:
Dungeon (10/15)            Temple (0/1) D:7            Lair (1/6) D:10
    Orc (0/2) D:10

Altars:
Elyvilon
Gozag
Kikubaaqudgha
Makhleb
Ru
Sif Muna
Vehumet
Zin
Beogh

Shops:
D:8 *

Annotations:
D:8 3 runed translucent doors, Gargoyl's ghost, novice CeAK


Innate Abilities, Weirdness & Mutations

Shadows flee at your approach. (+LOS)
You can swim through water.
You are frail. (-10% HP)
You cover ground slowly.
You cannot train Armour skill.
You can hop short distances.


Message History

You closely miss the porcupine.
Your mana viper closely misses the spiny frog.
The porcupine bites you!
You focus your will and illuminate the porcupine in retribution!
The spiny frog closely misses your mana viper.
Your mana viper bites the spiny frog!!
The spiny frog dies!
The wolf bites your ice beast.
Your ice beast closely misses the wolf.
The porcupine bites you!
* * * LOW HITPOINT WARNING * * *
The wolf barely misses your ice beast.
Your ice beast hits the wolf.
Your ice beast freezes the wolf!
You are struck by the porcupine's spines.
* * * LOW HITPOINT WARNING * * *
You hit the porcupine.
The porcupine is moderately wounded.
You feel sick.
A wolf comes into view.
The wolf barely misses your ice beast. The porcupine bites you!
You die...

### #####
#####P###.#P#####
................
................
...(..........
............#
............#
....÷.......######
.....†......#.##@###.####
..#.##.##.......rYh......
..########......S###.###h
.<.# #P.......# ..##
##..###P.# ..# #...# ##.#
..# ##..# #.# ..# #..#
#.# ..# #..# ..#


You could see 2 wolves, a porcupine, a friendly mana viper and a friendly ice
beast.

Vanquished Creatures
  Edmund (D:4)
  A warg (D:10)
  2 soldier ants (D:10)
  A water moccasin (Lair:1)
  2 sky beasts
  A phantom (D:7)
  A centaur (D:9)
  2 big kobolds (Sewer)
  A bullfrog (D:9)
  A scorpion (D:5)
  3 electric eels (D:7)
  A howler monkey (D:7)
  A crimson imp (D:9)
  2 bullfrog zombies
  4 orc wizards
  A centaur skeleton (D:7)
  6 worker ants
  2 worker ant zombies (D:9)
  3 adders
  5 oozes
  An adder zombie (D:6)
  2 worms
  A dart slug (D:2)
  12 orcs
  A giant cockroach (D:5)
  3 goblins
  4 kobolds
  3 quokkas
  A ball python (D:3)
  3 bats
  2 rats
74 creatures vanquished.

Vanquished Creatures (collateral kills)
  2 two-headed ogres
  A queen ant (D:10)
  Pikel (D:5)
  A spiny frog (Lair:1)
  A kobold demonologist (D:7)
  2 trolls
  A hornet (D:8)
  2 hippogriffs
  Sigmund (D:6)
  A wraith (D:10)
  3 wargs (D:10)
  18 soldier ants (D:10)
  A porcupine (Lair:1)
  A phantom (D:10)
  2 sky beasts
  3 orc warriors (D:9)
  A slave (D:5)
  A black bear (D:9)
  3 ogres
  2 necrophages
  2 centaurs (D:10)
  A big kobold (Sewer)
  A bullfrog (D:10)
  A wyvern zombie (D:10)
  5 wights (D:8)
  2 howler monkeys
  A centaur zombie (D:4)
  6 crimson imps
  A quasit (D:10)
  2 hounds
  6 jellies
  2 orc priests
  4 orc wizards
  Jessica (D:2)
  Natasha (twice) (D:2)
  2 iguanas
  20 worker ants
  2 hound zombies
  A hound skeleton (D:8)
  A howler monkey skeleton (D:8)
  10 adders
  A river rat (Sewer)
  7 oozes
  An adder skeleton (D:4)
  7 worms
  A dart slug (D:1)
  5 leopard geckos
  21 orcs
  2 bats
  3 giant cockroaches
  6 goblins
  8 hobgoblins
  2 jackals (D:8)
  6 kobolds
  3 quokkas
  3 ball pythons
  6 rats
203 creatures vanquished.

Grand Total: 277 creatures vanquished

Notes
Turn   | Place    | Note
-------+----------+-------------------------------------------
     0 | D:1      | Brecoman the Barachi Summoner began the quest for the Orb.
     0 | D:1      | Reached XP level 1. HP: 13/13 MP: 3/3
   540 | D:1      | Reached skill level 5 in Summonings
   540 | D:1      | Reached XP level 2. HP: 19/20 MP: 0/5
   544 | D:1      | Learned a level 2 spell: Call Imp
   614 | D:1      | Reached skill level 1 in Fighting
  1298 | D:2      | Reached XP level 3. HP: 22/26 MP: 1/7
  1879 | D:2      | Reached skill level 2 in Fighting
  2037 | D:2      | Noticed Natasha
  2056 | D:2      | Killed Natasha
  2056 | D:2      | Reached XP level 4. HP: 33/33 MP: 4/8
  2168 | D:2      | Noticed Jessica
  2172 | D:2      | Killed Jessica
  2442 | D:2      | Noticed Natasha
  2453 | D:2      | Killed Natasha
  2630 | D:3      | Learned a level 4 spell: Summon Ice Beast
  2806 | D:3      | Reached XP level 5. HP: 36/39 MP: 5/10
  3569 | D:4      | Noticed Edmund
  3744 | D:4      | Reached skill level 3 in Fighting
  3795 | D:4      | Reached skill level 1 in Ice Magic
  3800 | D:4      | Killed Edmund
  3800 | D:4      | Reached XP level 6. HP: 11/47 MP: 1/11
  4046 | D:4      | Found a glowing drain.
  4063 | Sewer    | Entered a sewer
  4659 | D:4      | Reached XP level 7. HP: 53/53 MP: 6/13
  4755 | D:4      | Reached skill level 4 in Fighting
  5164 | D:4      | Found a radiant altar of Vehumet.
  5165 | D:4      | Found a sacrificial altar of Ru.
  5351 | D:4      | Found a deep blue altar of Sif Muna.
  5863 | D:5      | Entered Level 5 of the Dungeon
  7652 | D:4      | Became a worshipper of Ru the Awakened
  7913 | D:6      | Reached XP level 8. HP: 61/61 MP: 13/15
  7941 | D:6      | Noticed Sigmund
  7950 | D:6      | Killed Sigmund
  7950 | D:6      | Reached skill level 5 in Fighting
  7950 | D:6      | Reached skill level 5 in Spellcasting
  8024 | D:6      | Found a glowing silver altar of Zin.
  8080 | D:6      | Noticed Pikel
  8698 | D:5      | HP: 3/62 [Pikel/+0 whip of flaming (3)]
  8713 | D:5      | Killed Pikel
  9303 | D:7      | Reached skill level 5 in Ice Magic
  9336 | D:7      | Found a staircase to the Ecumenical Temple.
  9578 | D:7      | Noticed a troll
  9594 | D:7      | Reached skill level 6 in Fighting
  9595 | D:7      | Killed a troll
  9929 | D:7      | Found a transporter.
  9949 | D:7      | Found a transporter.
  9956 | D:7      | Gained mutation: You cannot train Armour skill. [Ru
                  | sacrifice]
  9956 | D:7      | Reached * piety under Ru
  9977 | D:7      | Reached XP level 9. HP: 13/71 MP: 6/18
 10338 | D:7      | Noticed a kobold demonologist
 10345 | D:7      | Noticed a red devil
 10349 | D:7      | Killed a kobold demonologist
 10349 | D:7      | Reached skill level 7 in Fighting
 10817 | D:8      | Found Wedwel's Assorted Antiques.
 10838 | D:8      | Noticed a two-headed ogre
 10846 | D:8      | Killed a two-headed ogre
 11043 | D:8      | Learned a level 5 spell: Summon Mana Viper
 11209 | D:8      | Noticed a hornet
 11217 | D:8      | Killed a hornet
 11280 | D:8      | Reached skill level 1 in Hexes
 11327 | D:8      | Reached skill level 8 in Fighting
 12541 | D:8      | Found a burning altar of Makhleb.
 12579 | D:8      | Found a runed translucent gate.
 12579 | D:8      | Found a runed translucent gate.
 12579 | D:8      | Found a runed translucent gate.
 12579 | D:8      | Found an opulent altar of Gozag.
 12579 | D:8      | Noticed Gargoyl's ghost (novice CeAK)
 12581 | D:8      | Noticed a cyclops
 12581 | D:8      | Noticed a queen bee
 12581 | D:8      | a golden eye changed into a queen bee
 12811 | D:9      | Noticed a two-headed ogre
 12848 | D:9      | Killed a two-headed ogre
 12848 | D:9      | Reached XP level 10. HP: 65/82 MP: 0/21
 13047 | D:9      | Found a roughly hewn altar of Beogh.
 13057 | D:9      | Reached skill level 9 in Fighting
 13756 | D:9      | Found a white marble altar of Elyvilon.
 13756 | D:9      | Found an ancient bone altar of Kikubaaqudgha.
 13885 | D:10     | Entered Level 10 of the Dungeon
 14237 | D:10     | Reached skill level 10 in Fighting
 14254 | D:10     | Noticed a queen ant
 14848 | D:10     | Learned a level 4 spell: Summon Lightning Spire
 14849 | D:10     | Found a staircase to the Orcish Mines.
 14965 | D:10     | Killed a queen ant
 14965 | D:10     | Reached skill level 1 in Polearms
 15498 | D:10     | Found a staircase to the Lair.
 15518 | D:10     | Gained mutation: You are frail. (-10% HP) [Ru sacrifice]
 15518 | D:10     | Reached ** piety under Ru
 15518 | D:10     | Reached *** piety under Ru
 15651 | D:10     | Reached XP level 11. HP: 76/82 MP: 4/24
 15828 | D:10     | Learned a level 3 spell: Summon Guardian Golem
 15861 | Lair:1   | Entered Level 1 of the Lair of Beasts
 15874 | Lair:1   | Reached skill level 11 in Fighting
 15925 | Lair:1   | Mangled by a porcupine

Skill      XL: |  1  2  3  4  5  6  7  8  9 10 11 |
---------------+----------------------------------+-----
Summonings     | 5 6 7 8 |  8.7
Fighting       | 1 2 3 4 6 8 10 11 | 11.0
Spellcasting   | 3 4 6 7 9 |  9.8
Ice Magic      | 1 2 3 6 7 |  7.1
Hexes          | 3 |  3.6
Polearms       | 2 |  2.5
Dodging        | |  2.1
Stealth        | |  1.7

Action                   |  1- 3 |  4- 6 |  7- 9 | 10-12 || total
-------------------------+-------+-------+-------+-------++-------
Melee: Unarmed           |     5 |       |       |       ||     5
       Hand axe          |    40 |    16 |       |       ||    56
       Trident           |       |   100 |   116 |       ||   216
       Scythe            |       |       |   123 |    87 ||   210
 Cast: Summon Small Mamm |    12 |       |     2 |       ||    14
       Call Imp          |    22 |    48 |    65 |       ||   135
       Summon Ice Beast  |       |       |    61 |    45 ||   106
       Summon Mana Viper |       |       |     1 |    28 ||    29
       Summon Guardian G |       |       |       |     1 ||     1
Invok: Sacrifice Durabil |       |       |     1 |       ||     1
       Sacrifice Health  |       |       |       |     1 ||     1
 Abil: Hop               |       |     2 |     5 |     2 ||     9
Evoke: Wand              |       |       |     4 |       ||     4
  Use: Scroll            |       |     8 |    13 |     1 ||    22
       Potion            |       |       |     1 |     1 ||     2
 Stab: Distracted        |       |     5 |     2 |     2 ||     9
       Sleeping          |       |     1 |       |       ||     1
  Eat: Chunk             |     6 |     8 |    19 |    20 ||    53
       Ration            |       |     1 |     5 |     1 ||     7
Armor: Robe              |     9 |       |    16 |     8 ||    33
       Ring mail         |    15 |    21 |    68 |       ||   104
Dodge: Dodged            |    46 |    34 |   110 |    55 ||   245
